 Dungeon Crawl Stone Soup version 0.20.1-1-g8b1a95d (webtiles) character file.

21 letownia2 the Grave Robber (level 2, -1/22 HPs)
             Began as a Deep Dwarf Necromancer on Nov 25, 2017.
             Slain by a bullfrog skeleton (4 damage)
             ... on level 4 of the Dungeon.
             The game lasted 00:02:41 (730 turns).

letownia2 the Grave Robber (Deep Dwarf Necromancer)  Turns: 730, Time: 00:02:41

Health: -1/22      AC:  5    Str: 11    XL:     2   Next: 62%
Magic:  8/14       EV: 11    Int: 15    God:
Gold:   33         SH:  0    Dex: 13    Spells: 4/5 levels left

rFire    . . .     SeeInvis .   a - +0 dagger
rCold    . . .     Gourm    .   (no shield)
rNeg     . . .     Faith    .   l - +0 ring mail
rPois    .         Spirit   .   (no helmet)
rElec    .         Reflect  .   (no cloak)
rCorr    .         Harm     .   (no gloves)
MR       .....                  (no boots)
Stlth    +.........             (no amulet)
Regen    0.0/turn               i - ring of magical power
MPRegen  0.2/turn               (no ring)

@: non-regenerating
A: damage resistance, heal wounds, sense surroundings 1, no regeneration
a: Heal Wounds


You were on level 4 of the Dungeon.
You were not hungry.

You visited 1 branch of the dungeon, and saw 4 of its levels.

You collected 33 gold pieces.

Inventory:

Hand Weapons
 a - a +0 dagger (weapon)
 k - a +5 rapier
Armour
 l - a +0 ring mail (worn)
Jewellery
 i - a ring of magical power (left hand)
Wands
 g - a wand of disintegration (9/24)
 h - a wand of disintegration (9/24)
Scrolls
 d - a scroll of remove curse {unknown}
Potions
 e - a potion of haste {unknown}
Books
 b - a book of Necromancy

   Spells                             Type                      Level
   a - Pain                           Necromancy                   1
   b - Animate Skeleton               Necromancy                   1
   c - Vampiric Draining              Necromancy                   3
   d - Regeneration                   Charms/Necromancy            3
   e - Animate Dead                   Necromancy                   4
   f - Control Undead                 Necromancy                   4
Comestibles
 c - a bread ration
 f - a meat ration
 j - a chunk of flesh


   Skills:
 - Level 2.1 Dodging
 - Level 2.4 Stealth
 - Level 2.0 Spellcasting
 + Level 4.9 Necromancy
 + Level 1.0 Evocations


You had 4 spell levels left.
You knew the following spells:

 Your Spells              Type           Power        Failure   Level  Hunger
a - Pain                  Necr           ###.         7%          1    #......


Dungeon Overview and Level Annotations

Branches:
Dungeon (4/15)
 Temple: D:4-7

Altars:


Innate Abilities, Weirdness & Mutations

You are resistant to damage.
You can heal yourself by infusing magical energy.
You passively map a small area around you.
You do not regenerate.


Message History

The bullfrog skeleton is severely damaged.
The bullfrog skeleton hits you. The bullfrog skeleton misses you.
Unknown command.
You hit the bullfrog skeleton.
The bullfrog skeleton is almost destroyed.
The bullfrog skeleton hits you.
Unknown command.
You hit the bullfrog skeleton but do no damage.
The bullfrog skeleton is almost destroyed.
The bullfrog skeleton hits you.
* * * LOW HITPOINT WARNING * * *
Unknown command.
You hit the bullfrog skeleton.
The bullfrog skeleton is almost destroyed.
The bullfrog skeleton barely misses you.
Unknown command.
You barely miss the bullfrog skeleton.
The bullfrog skeleton is almost destroyed.
The bullfrog skeleton misses you. The bullfrog skeleton hits you.
You die...

. *..#.... .## *......#
*, , , ..### ##....... *
....######.......##
...........##.#... * ,
.......###.##.##.#, # ,
...........##.##.##.#.#
..............5Z.....###
..#.######.#####@...>...
....# #.# ####.####* **
..########.########....,
#...............5...# #
* #.########.##########
#.########.#
#..........#
############


You could see a shadow imp and a bullfrog skeleton.

Vanquished Creatures
  A dart slug (D:4)
  4 leopard geckos
  A bat (D:1)
  2 goblins (D:2)
  A hobgoblin (D:2)
  2 jackals
  2 kobolds
13 creatures vanquished.

Notes
Turn   | Place    | Note
-------+----------+-------------------------------------------
     0 | D:1      | letownia2 the Deep Dwarf Necromancer began the quest for the Orb.
     0 | D:1      | Reached XP level 1. HP: 15/15 MP: 3/3
   287 | D:2      | Reached XP level 2. HP: 14/22 MP: 0/5
   669 | D:4      | Reached skill level 1 in Evocations
   730 | D:4      | Slain by a bullfrog skeleton

Skill      XL: |  1  2 |
---------------+-------+-----
Spellcasting   | 2 |  2.0
Evocations     | 1 |  1.0
Dodging        | |  2.1
Stealth        | |  2.4
Necromancy     | |  4.9

Action                   || total
-------------------------++-------
Melee: Dagger            ||    23
       Unarmed           ||     1
 Cast: Pain              ||    26
Evoke: Wand              ||     2
  Use: Scroll            ||     3
 Stab: Sleeping          ||     1
Armor: Robe              ||     6
       Ring mail         ||     7
Dodge: Dodged            ||    35
